 Dungeon Crawl Stone Soup version 0.23.1 (webtiles) character file.

Game seed: 7144460196301275120

15353 Folque the Geomancer (level 12, -12/91 HPs)
             Began as a Yellow Draconian Earth Elementalist on Mar 2, 2019.
             Was an Elder of Sif Muna.
             Mangled by an eight-headed hydra (14 damage)
             ... on level 12 of the Dungeon.
             The game lasted 00:49:01 (11563 turns).

Folque the Geomancer (DrEE)                        Turns: 11563, Time: 00:49:02

Health: -12/91     AC: 13    Str: 11    XL:     12   Next: 0%
Magic:  9/31       EV: 13    Int: 26    God:    Sif Muna [****..]
Gold:   499        SH:  0    Dex: 11    Spells: 8/23 levels left

rFire    . . .     SeeInvis +   w - +5 dagger
rCold    . . .     Gourm    .   (no shield)
rNeg     . . .     Faith    .   (armour unavailable)
rPois    .         Spirit   .   x - +3 hat of Pondering {ponderous, MR+ MP+10 Int+5}
rElec    .         Reflect  .   j - +1 cloak
rCorr    +         Harm     .   (no gloves)
MR       ++...                  (no boots)
Stlth    +++.......             (no amulet)
HPRegen  0.25/turn              l - ring of see invisible
MPRegen  0.22/turn              I - ring of protection from magic

@: divine energy, slow
A: spit acid, unfitting armour, cold-blooded, acid resistance, AC +8
a: Breathe Acid, Stop Divine Energy, Channel Magic, Forget Spell, Renounce
Religion


You were on level 12 of the Dungeon.
You worshipped Sif Muna.
Sif Muna was greatly pleased with you.
You were hungry.

You visited 2 branches of the dungeon, and saw 13 of its levels.

You collected 688 gold pieces.
You spent 189 gold pieces at shops.

Inventory:

Hand Weapons
 d - a +0 halberd
 g - a +2 short sword
 r - a +2 whip of electrocution
 w - a +5 dagger (weapon)
 y - a +2 spear of venom
 J - a +0 rapier
 Q - a +2 dagger of protection
 R - a +4 long sword
Missiles
 b - 256 stones (quivered)
Armour
 j - a +1 cloak (worn)
 v - a +0 buckler
 x - the +3 hat of Pondering (worn) {ponderous, MR+ MP+10 Int+5}
   (You found it on level 5 of the Dungeon)

   It affects your intelligence (+5).
   It affects your resistance to hostile enchantments.
   It affects your magic capacity (+10).
Jewellery
 l - a ring of see invisible (left hand)
 s - a +3 ring of evasion
 B - an uncursed ring of flight
 E - a cursed -3 ring of protection
 I - a ring of protection from magic (right hand)
Wands
 f - a wand of random effects (19)
 u - a wand of flame (15)
 G - a wand of clouds (8)
 H - a wand of scattershot (9)
 K - a wand of polymorph (8)
 M - a wand of iceblast (17)
 P - a wand of enslavement (9)
Scrolls
 a - 8 scrolls of teleportation
 h - 6 scrolls of remove curse
 i - 3 scrolls of immolation {unknown}
 m - 3 scrolls of amnesia
 o - 7 scrolls of identify
 p - a scroll of enchant armour {unknown}
 q - a scroll of random uselessness
 t - 2 scrolls of enchant weapon
 A - a scroll of magic mapping
 C - a scroll of noise {unknown}
Potions
 e - 2 potions of curing
 k - 4 potions of heal wounds
 n - 3 potions of brilliance
 z - 3 potions of agility
 D - 3 potions of flight
 F - 2 potions of might
 L - a potion of mutation {unknown}
 N - a potion of cancellation {unknown}
 O - a potion of resistance {unknown}
Comestibles
 c - 17 rations
 S - 3 chunks of flesh


   Skills:
 - Level 4.0 Fighting
 - Level 5.5(5.6) Short Blades
 + Level 1.6(3.9) Long Blades
 - Level 4.3 Dodging
 - Level 5.4 Stealth
 * Level 6.0 Spellcasting
 + Level 8.8 Conjurations
 - Level 4.5 Transmutations
 + Level 10.9 Earth Magic
 - Level 7.0 Invocations
 + Level 0.8 Evocations


You had 8 spell levels left.
You knew the following spells:

 Your Spells              Type           Power        Failure   Level  Hunger
a - Sandblast             Erth           ######       1%          1    None
b - Passwall              Tmut/Erth      #####...     1%          2    None
c - Stone Arrow           Conj/Erth      ######       1%          3    None
d - Lee's Rapid Deconstr  Erth           ######....   2%          5    #####..
e - Petrify               Tmut/Erth      #####...     2%          4    ###....

Your spell library contained the following spells:

 Spells                   Type           Power        Failure   Level  Hunger
 Beastly Appendage        Tmut           ####..       1%          1    None
 Sticks to Snakes         Tmut           ####....     1%          2    None
 Animate Skeleton         Necr           N/A          7%          1    None
 Apportation              Tloc           #.....       7%          1    None
 Confusing Touch          Hex            #.....       7%          1    None
 Summon Butterflies       Summ           #.......     7%          1    None
 Summon Small Mammal      Summ           #...         7%          1    None
 Spider Form              Tmut/Pois      ###.......   9%          3    None
 Call Canine Familiar     Summ           #.......     21%         3    None
 Ice Form                 Ice/Tmut       ###.....     26%         4    ###....
 Blade Hands              Tmut           ####......   28%         5    #####..
 Summon Ice Beast         Ice/Summ       #.......     56%         4    ###....
 Summon Mana Viper        Hex/Summ       #.......     88%         5    #####..
 Summon Hydra             Summ           #.........   100%        7    #######


Dungeon Overview and Level Annotations

Branches:
Dungeon (12/15)            Temple (1/1) D:5            Lair (0/6) D:8
    Orc (0/2) D:10

Altars:
Ashenzari
Cheibriados
Dithmenos
Elyvilon
Fedhas
Gozag
Hepliaklqana
Kikubaaqudgha
Makhleb
Nemelex Xobeh
Okawaru
Qazlal
Ru
Sif Muna
Trog
Uskayaw
Vehumet
Wu Jian
Xom
Yredelemnul
Zin
The Shining One

Shops:
D:4 (   D:5 ?   D:6 *   D:7 }   D:10 [   D:11 =   D:12 *

Portals:
Trove: D:12 (give +4 shadow dragon scales)


Innate Abilities, Weirdness & Mutations

You can spit globs of acid.
Your golden yellow scales are hard. (AC +8)
You cannot fit into any form of body armour.
You are cold-blooded and may be slowed by cold attacks.
You are resistant to acid. (rCorr)


Message History

The eight-headed hydra barely misses you.
The eight-headed hydra completely misses you.
The eight-headed hydra bites you!
* * * LOW HITPOINT WARNING * * *
The eight-headed hydra bites you.
* * * LOW HITPOINT WARNING * * *
The eight-headed hydra completely misses you.
The eight-headed hydra closely misses you.
Casting: Petrify (safe; 2% risk of failure)
Confirm with . or Enter, or press ? or * to list all spells.
Aiming: Petrify (safe; 2% risk of failure)
Press: ? - help, Shift-Dir - straight line, f/p - eight-headed hydra
Aim: an eight-headed hydra (chance to defeat MR: 37%)
The eight-headed hydra is moving more slowly.
The eight-headed hydra bites you.
* * * LOW HITPOINT WARNING * * *
The eight-headed hydra bites you!
* * * LOW HITPOINT WARNING * * *
The eight-headed hydra bites you!
You die...

#...###.#.....# #.#
#...# #.#.....# #.#
##..# #.#.._..# #.#
#.#.##.......# #.#
#.##.........#####.#
#.###.###..........#
#..##.# ###..#####.#
##.##D#####..### #.#
#.##.@........###.####
#.########..#.........
#.# #..#####.#### #.#
#..#####.# #.#
#........# #.#
#........# #.#
#..#####.## #.# #..#
##...##
#.########..###.#.#.##


You could see an eight-headed hydra (petrifying).

Vanquished Creatures
  A hydra (D:11)
  A two-headed ogre (D:7)
  An unseen horror (D:11)
  Pikel (D:3)
  2 manticores
  A cyclops (D:11)
  Maurice (D:9)
  A centaur skeleton (D:10)
  2 trolls (D:11)
  Grinder (D:3)
  Prince Ribbit (D:5)
  4 hippogriffs
  A wraith (D:12)
  A vampire (D:12)
  3 wyverns
  2 shadows
  A basilisk (D:10)
  14 yaks
  Grum (D:8)
  2 vampire mosquitoes (D:12)
  A hungry ghost (D:9)
  Edmund (D:5)
  2 soldier ants (D:8)
  Duvessa (D:5)
  3 orc warriors
  An ice beast (D:10)
  A black bear (D:7)
  2 phantoms
  2 sky beasts
  An eye of draining (shapeshifter) (D:9)
  An eye of draining (D:9)
  2 wolves (D:8)
  4 centaurs
  8 ogres
  A big kobold (D:11)
  A crocodile (D:12)
  Blork the orc (D:6)
  6 bullfrogs
  Dowan (D:5)
  5 scorpions
  A water moccasin skeleton (D:9)
  10 killer bees
  7 wights
  2 howler monkeys
  3 bullfrog zombies
  6 crimson imps
  A quasit (D:10)
  An iron imp (D:9)
  2 jellies (D:11)
  7 hounds
  6 orc priests
  Crazy Yiuf (D:3)
  9 orc wizards
  2 bullfrog skeletons (D:6)
  Terence (D:3)
  2 iguanas
  Ijyb (D:4)
  9 worker ants
  A hound zombie (D:8)
  A hound skeleton (D:4)
  4 gnolls (D:3)
  11 adders
  3 shadow imps
  An ooze (D:3)
  2 adder skeletons
  2 worms
  2 dart slugs
  5 leopard geckos
  29 orcs
  12 giant cockroaches
  11 goblins
  12 hobgoblins
  5 jackals
  5 quokkas
  8 bats
  5 frilled lizards
  8 kobolds
  13 rats
  A butterfly (D:5)
299 creatures vanquished.

Vanquished Creatures (others)
  A centaur (D:7)
  2 big kobolds (D:7)
  A centaur skeleton (D:7)
  2 worker ants (D:7)
6 creatures vanquished.

Grand Total: 305 creatures vanquished

Notes
Turn   | Place    | Note
-------+----------+-------------------------------------------
     0 | D:1      | Folque the Draconian Earth Elementalist began the quest for
                  | the Orb.
     0 | D:1      | Reached XP level 1. HP: 14/14 MP: 3/3
   262 | D:1      | Reached skill level 1 in Fighting
   262 | D:1      | Reached XP level 2. HP: 21/23 MP: 1/5
   350 | D:1      | HP: 1/23 [leopard gecko (4)]
   773 | D:1      | Learned a level 2 spell: Passwall
   861 | D:1      | Reached XP level 3. HP: 12/28 MP: 6/6
  1304 | D:2      | Learned a level 3 spell: Stone Arrow
  1475 | D:2      | Reached XP level 4. HP: 33/36 MP: 5/8
  2189 | D:3      | Noticed Grinder
  2190 | D:3      | Paralysed by Grinder for 5 turns
  2289 | D:2      | Reached skill level 4 in Earth Magic
  2484 | D:2      | Reached XP level 5. HP: 38/41 MP: 7/10
  2557 | D:3      | Noticed a centaur
  2575 | D:3      | Killed a centaur
  2575 | D:3      | Reached XP level 6. HP: 12/48 MP: 0/12
  2589 | D:3      | Learned a level 5 spell: Lee's Rapid Deconstruction
  2844 | D:3      | Reached skill level 5 in Earth Magic
  3214 | D:3      | Noticed Terence
  3225 | D:3      | Killed Terence
  3352 | D:3      | Killed Grinder
  3352 | D:3      | Reached skill level 6 in Earth Magic
  3352 | D:3      | Your scales start taking on a golden yellow colour.
  3352 | D:3      | Reached XP level 7. HP: 41/55 MP: 0/14
  3352 | D:3      | Gained mutation: You are resistant to acid. (rCorr) [Yellow
                  | Draconian growth]
  3358 | D:3      | Learned a level 4 spell: Petrify
  3449 | D:3      | Found a hide-covered altar of Uskayaw.
  3548 | D:3      | Found a runed translucent door.
  3549 | D:3      | Noticed Crazy Yiuf
  3708 | D:3      | Killed Crazy Yiuf
  3830 | D:4      | Found Ufeadif's Weapon Shop.
  3935 | D:4      | Noticed Pikel
  3947 | D:4      | Reached skill level 1 in Conjurations
  3979 | D:3      | Killed Pikel
  3979 | D:3      | Reached skill level 5 in Spellcasting
  3979 | D:3      | Reached skill level 7 in Earth Magic
  3979 | D:3      | Reached XP level 8. HP: 38/61 MP: 1/16
  4188 | D:4      | Noticed Ijyb
  4199 | D:4      | Killed Ijyb
  4403 | D:5      | Entered Level 5 of the Dungeon
  4449 | D:5      | Found the +3 hat of Pondering {ponderous, MR+ MP+10 Int+5}
  4661 | D:5      | Noticed Edmund
  4698 | D:5      | Found a staircase to the Ecumenical Temple.
  4744 | D:5      | Killed Edmund
  4744 | D:5      | Reached skill level 8 in Earth Magic
  4750 | Temple   | Entered the Ecumenical Temple
  4857 | Temple   | Became a worshipper of Sif Muna the Loreminder
  5104 | D:5      | Noticed Prince Ribbit
  5143 | D:5      | Found Zuetrar's Magic Scroll Boutique.
  5153 | D:5      | Bought a scroll of magic mapping for 45 gold pieces
  5165 | D:5      | Found a basalt altar of Yredelemnul.
  5248 | D:5      | Noticed Duvessa
  5248 | D:5      | Noticed Dowan
  5251 | D:5      | Killed Dowan
  5282 | D:5      | Killed Duvessa
  5447 | D:5      | Killed Prince Ribbit
  5447 | D:5      | Reached skill level 1 in Short Blades
  5447 | D:5      | Reached XP level 9. HP: 62/67 MP: 17/17
  5816 | D:6      | Noticed Blork the orc
  5827 | D:6      | Killed Blork the orc
  5914 | D:6      | Found a sacrificial altar of Ru.
  6054 | D:6      | Found Zin's Purification Station.
  6055 | D:6      | Found a glowing silver altar of Zin.
  6110 | D:7      | Found Fyst's Gadget Shoppe.
  6164 | D:7      | Reached skill level 9 in Earth Magic
  6312 | D:7      | Noticed a two-headed ogre
  6341 | D:7      | Killed a two-headed ogre
  6341 | D:7      | Reached * piety under Sif Muna
  6341 | D:7      | Reached skill level 5 in Stealth
  6666 | D:7      | Found a shimmering altar of Xom.
  6680 | D:7      | Reached XP level 10. HP: 56/73 MP: 16/18
  6895 | D:7      | Found a burning altar of Makhleb.
  7028 | D:8      | Noticed Grum
  7044 | D:8      | Killed Grum
  7163 | D:7      | Reached ** piety under Sif Muna
  7163 | D:7      | Reached skill level 5 in Conjurations
  7498 | D:8      | Found a staircase to the Lair.
  7739 | D:8      | Found a bloodstained altar of Trog.
  8086 | D:9      | Noticed a manticore
  8092 | D:9      | Reached skill level 1 in Invocations
  8093 | D:9      | Killed a manticore
  8093 | D:9      | Reached skill level 10 in Earth Magic
  8223 | D:9      | Found a glowing golden altar of the Shining One.
  8225 | D:9      | Found a sparkling altar of Nemelex Xobeh.
  8473 | D:9      | Noticed Maurice
  8479 | D:9      | Killed Maurice
  8479 | D:9      | Reached skill level 5 in Short Blades
  8489 | D:9      | Found a snail-covered altar of Cheibriados.
  8707 | D:10     | Entered Level 10 of the Dungeon
  8913 | D:10     | Reached XP level 11. HP: 82/82 MP: 19/19
  8922 | D:10     | Found a staircase to the Orcish Mines.
  8945 | D:10     | Found Romu Qej's Antique Armour Shop.
  9344 | D:11     | Reached *** piety under Sif Muna
  9526 | D:11     | Found Peaf Eppuaqo's Jewellery Shoppe.
  9567 | D:11     | Noticed a six-headed hydra
  9593 | D:11     | Killed a six-headed hydra
  9593 | D:11     | Reached skill level 5 in Invocations
  9919 | D:11     | Noticed an unseen horror
 10008 | D:11     | HP: 3/84 [manticore (9)]
 10133 | D:11     | Killed an unseen horror
 10555 | D:12     | Reached **** piety under Sif Muna
 10619 | D:12     | Found a burning altar of Makhleb.
 10632 | D:12     | Reached skill level 1 in Long Blades
 10857 | D:12     | Found a portal to a secret trove of treasure.
 10858 | D:12     | Noticed an eight-headed hydra
 11333 | D:12     | Found Mecook's Assorted Antiques.
 11355 | D:12     | Bought a buckler for 144 gold pieces
 11396 | D:12     | Reached XP level 12. HP: 70/91 MP: 20/21
 11563 | D:12     | HP: 2/91 [eight-headed hydra (15)]
 11563 | D:12     | Mangled by an eight-headed hydra

Skill      XL: |  1  2  3  4  5  6  7  8  9 10 11 |
---------------+----------------------------------+-----
Fighting       | 1 2 3 4 |  4.0
Spellcasting   | 3 4 5 6 |  6.0
Earth Magic    | 4 6 7 8 9 10 | 10.9
Conjurations   | 3 4 6 8 |  8.8
Dodging        | 3 4 |  4.3
Transmutations | 2 3 4 |  4.5
Stealth        | 3 5 |  5.4
Short Blades   | 1 3 5 |  5.5
Invocations    | 3 7 |  7.0
Long Blades    | 1 |  1.6
Evocations     | |  0.8

Action                   |  1- 3 |  4- 6 |  7- 9 | 10-12 || total
-------------------------+-------+-------+-------+-------++-------
Melee: Unarmed           |    98 |       |       |       ||    98
       Tailslap          |    11 |     7 |    24 |    20 ||    62
       Short sword       |    76 |   121 |    65 |       ||   262
       Whip              |       |       |    55 |       ||    55
       Spear             |       |       |    40 |       ||    40
       Dagger            |       |       |    63 |   143 ||   206
       Long sword        |       |       |       |    19 ||    19
 Cast: Sandblast         |    18 |    32 |    24 |    58 ||   132
       Passwall          |       |     4 |       |     3 ||     7
       Stone Arrow       |       |    13 |    42 |    92 ||   147
       Lee's Rapid Decon |       |       |    14 |    30 ||    44
       Petrify           |       |       |    18 |    46 ||    64
Invok: Divine Energy     |       |       |       |     1 ||     1
 Abil: Breathe Acid      |       |       |     1 |       ||     1
Evoke: Wand              |       |       |     2 |     2 ||     4
  Use: Scroll            |     3 |     5 |       |    10 ||    18
       Potion            |       |     4 |       |     5 ||     9
 Stab: Sleeping          |     3 |     4 |     2 |     5 ||    14
       Invisible         |       |     1 |       |       ||     1
       Petrified         |       |       |    47 |    31 ||    78
       Petrifying        |       |       |       |     2 ||     2
  Eat: Chunk             |     2 |     8 |    16 |    31 ||    57
       Ration            |       |       |     1 |       ||     1
Armor: Skin              |    65 |    86 |    82 |    92 ||   325
Dodge: Dodged            |   127 |   141 |    99 |   161 ||   528
       Rpst.: Long sword |       |       |       |     4 ||     4
